[Event "*** Titled Tuesday Blitz"]
[Site "Chess.com"]
[Date "2020.11.24"]
[Round "9"]
[White "FMAntonio"]
[Black "politeplayer"]
[Result "0-1"]
[WhiteElo "2333"]
[BlackElo "2241"]
[TimeControl "180+1"]
[EndTime "12:02:46 PST"]
[Termination "politeplayer won by checkmate"]

1. e4 e5 2. Nf3 Nf6 3. Nc3 Bb4 4. Bc4 O-O 5. O-O Bxc3 6. dxc3 Nxe4 7. Nxe5 Nd6 8. Bb3 Nc6 9. f4 Nf5 10. Qh5 g6 11.
Nxg6 hxg6 12. Qxg6+ Ng7 13. Rf3 d5 14. Qh6 Bf5 15. Rg3 Bg6 16. f5 Nxf5 17. Rxg6+ fxg6 18. Qxg6+ Ng7 19. Bh6 Qf6 20. Bxd5+ Kh8 21. Bxg7+ Qxg7 22. Qh5+ Qh7 23. Qg5 Qxc2 24. h4 Qf2+ 25. Kh2 Qf4+ 26. Qxf4 Rxf4 27. Kh3 Re8 28. g3 Rf2 29. b3 Ne5 30. Bxb7 c6 31. h5 Rg8 32. Re1 Ng4 33.
Kh4 Rh2# 0-1

[Event "*** Titled Tuesday Blitz"]
[Site "Chess.com"]
[Date "2020.11.24"]
[Round "9"]
[White "Harry_Rakkel"]
[Black "OsorioFernando"]
[Result "0-1"]
[WhiteElo "2473"]
[BlackElo "2358"]
[TimeControl "180+1"]
[EndTime "12:02:47 PST"]
[Termination "OsorioFernando won by checkmate"]

1. d4 d5 2. c4 e6 3. Nc3 f5 4.
Bf4 Nf6 5. e3 c6 6. Nf3 Be7 7.
Be2 O-O 8. O-O Ne4 9. Nxe4 fxe4 10. Ne5 Nd7 11. c5 Bf6 12. Nxd7 Bxd7 13. Qd2 Qe8 14. Bd6 Be7 15. Bg3 Bf6 16. Bg4 Qg6 17. Bh3 Rf7 18. f4 h5 19. b4 Qh6 20. a4 g5 21. fxg5 Bxg5 22. Bf4 Bxf4 23. Rxf4 Rxf4 24. exf4 Rf8 25. g3 h4 26. Kg2 Rf7 27. b5 Rg7 28. Ra3 cxb5 29.
axb5 Bxb5 30. Qa5 a6 31. Qd8+ Kh7 32. Qb8 hxg3 33. Rxg3 Rxg3+ 34. hxg3 Bf1+ 35. Kxf1 Qxh3+ 36. Kf2 Qh2+ 37. Kf1 e3 38. Qxb7+ Kh6 39. Qe7 Qf2# 0-1

[Event "*** Titled Tuesday Blitz"]
[Site "Chess.com"]
[Date "2020.11.24"]
[Round "9"]
[White "oskariot"]
[Black "vladgoncharov"]
[Result "1-0"]
[WhiteElo "2630"]
[BlackElo "2479"]
[TimeControl "180+1"]
[EndTime "12:02:50 PST"]
[Termination "oskariot won on time"]

1. e4 e6 2. Bb5 a6 3. Ba4 c5 4. c3 b5 5. Bc2 Bb7 6. Nf3 Nc6 7.
O-O d5 8. exd5 Qxd5 9. a4 Nf6 10.
Qe2 c4 11. d3 cxd3 12. Bxd3 Ne5 13. Qxe5 Qxd3 14. Nd4 bxa4 15. Nd2 Rd8 16. N2f3 Bd6 17. Qe3 Qg6 18. Rxa4 O-O 19. Ra5 e5 20. Ne2 Ng4 21.
Qb6 Bxf3 22. Ng3 Ba8 23. Rxa6 e4 24. Qa5 Bb7 25. Rb6 e3 26. Bxe3 Nxe3 27. fxe3 Ba8 28. Qa6 1-0

[Event "*** Titled Tuesday Blitz"]
[Site "Chess.com"]
[Date "2020.11.24"]
[Round "9"]
[White "beto-betun"]
[Black "kakorrhaphiophobie"]
[Result "1-0"]
[WhiteElo "2205"]
[BlackElo "2282"]
[TimeControl "180+1"]
[EndTime "12:02:51 PST"]
[Termination "beto-betun won by checkmate"]

1. d4 f5 2. e4 fxe4 3. Nc3 Nf6 4.
Bg5 g6 5. f3 d5 6. fxe4 Nxe4 7.
Nxe4 dxe4 8. c3 Qd5 9. Be3 Bg7 10.
Ne2 O-O 11. Nf4 Qf5 12. Bc4+ Kh8 13. O-O Nc6 14. Ne6 Bxe6 15. Rxf5 Bxf5 16. Qd2 Rad8 17. Rf1 h5 18. h3 e5 19. d5 Na5 20. Be2 b6 21. b3 c6 22. c4 Rfe8 23. Bh6 Rd6 24. Qg5 Bf6 25. Qe3 cxd5 26. cxd5 h4 27. Bg4 Bxg4 28.
hxg4 a6 29. Qxe4 Kh7 30. g5 Bd8 31. Rf7+ Kg8 32. Qf3 b5 33. Rf8+ Rxf8 34. Qxf8+ Kh7 35. Qg7# 1-0

[Event "*** Titled Tuesday Blitz"]
[Site "Chess.com"]
[Date "2020.11.24"]
[Round "9"]
[White "chenxiaoyuer"]
[Black "NikolaGry"]
[Result "0-1"]
[WhiteElo "2502"]
[BlackElo "2719"]
[TimeControl "180+1"]
[EndTime "12:02:52 PST"]
[Termination "NikolaGry won by resignation"]

1. e4 d5 2. exd5 Nf6 3. Bb5+ Bd7 4. Be2 Nxd5 5. d4 Bf5 6. Nf3 e6 7. O-O Be7 8. a3 O-O 9. c4 Nb6 10. Nc3 a5 11. Be3 Bf6 12. Qd2 Nc6 13. Rad1 a4 14. d5 Ne5 15. Nxe5 Bxe5 16. dxe6 Bxe6 17. Qc2 Qh4 18. g3 Qh3 19. Nd5 Nxd5 20. cxd5 Bf5 21. Bd3 Bxd3 22. Qxd3 Rfe8 23. Qb5 h5 24. Bd4 Bd6 25.
Rde1 Reb8 26. Re4 Qf5 27. Rfe1 c6 28. Qd3 Qxd5 29. Qc3 Bf8 30. Re5 Qd7 31. Rxh5 Re8 32.
Rd1 Qg4 33. f3 Qxh5 0-1

[Event "*** Titled Tuesday Blitz"]
[Site "Chess.com"]
[Date "2020.11.24"]
[Round "9"]
[White "yourstrulyme"]
[Black "Tenamu"]
[Result "1-0"]
[WhiteElo "2482"]
[BlackElo "2320"]
[TimeControl "180+1"]
[EndTime "12:02:56 PST"]
[Termination "yourstrulyme won by resignation"]

1. d4 e6 2. Bf4 Nf6 3. e3 d5 4. Nd2 c5 5. Ngf3 Nc6 6. c3 Bd6 7. Bg3 O-O 8. Bb5 a6 9. Bxc6 bxc6 10. Qa4 cxd4 11. cxd4 c5 12. Bxd6 Qxd6 13. Qa3 Qb6 14. dxc5 Qb5 15. Nd4 Qb8 16. O-O e5 17. Nc6 Qc7 18.
Na5 Be6 19. Rac1 Rab8 20. b4 Rfd8 21. Qc3 d4 22. exd4 exd4 23. Qg3 Qc8 24. a3 Nh5 25. Qh4 g6 26. Ne4 Bd5 27. Nd6 Qe6 28. Qxd4 Ba8 29. Rfe1 Qa2 30. Rc3 Ng7 31. Qf6 Ne8 32. Qe5 Nxd6 33.
cxd6 Re8 34. Qxe8+ Rxe8 35. Rxe8+ Kg7 36. Rc1 Qd5 37. Rxa8 Qxa8 38. Rd1 Qe8 39. d7 Qd8 40. Nc6 1-0

[Event "*** Titled Tuesday Blitz"]
[Site "Chess.com"]
[Date "2020.11.24"]
[Round "9"]
[White "AlexSuv"]
[Black "chessdjw"]
[Result "0-1"]
[WhiteElo "2521"]
[BlackElo "2661"]
[TimeControl "180+1"]
[EndTime "12:02:59 PST"]
[Termination "chessdjw won by checkmate"]

1. d4 Nf6 2. c4 g6 3. Nc3 d5 4.
Nf3 Bg7 5. Bg5 Ne4 6. cxd5 Nxg5 7. Nxg5 e6 8. Qd2 h6 9. Nh3 exd5 10. Nf4 c6 11. e3 Nd7 12. Be2 Nf6 13. O-O O-O 14.
b4 a6 15. a4 Bd7 16. b5 a5 17.
bxc6 bxc6 18. Nd3 Bf5 19. Nc5 Nd7 20. Nxd7 Qxd7 21. Bd3 Rfb8 22. Rfb1 Rb4 23. Bxf5 Qxf5 24. Rxb4 axb4 25. Ne2 b3 26. Qc3 Rb8 27. Qb2 c5 28. a5 c4 29. a6 Ra8 30. Nc3 Bf8 31.
a7 Bb4 32. Nb5 Qd7 33. Nc3 Bxc3 34. Qxc3 Rxa7 35. Rd1 Ra2 36. e4 Rc2 37. Qg3 dxe4 38. d5 b2 39. Qb8+ Kh7 40. Qf4 Qxd5 41. Rf1 c3 42. h4 Rd2 43. h5 g5 44. Qg4 c2 45. f4 c1=Q 46. fxg5 Qdc5+ 47. Kh2 Qxf1 48. g6+ Kh8 49. g7+ Kg8 50. Qxe4 Qxh5+ 51. Kg3 Qf2# 0-1

[Event "*** Titled Tuesday Blitz"]
[Site "Chess.com"]
[Date "2020.11.24"]
[Round "9"]
[White "GAusal"]
[Black "A-S-00"]
[Result "0-1"]
[WhiteElo "2028"]
[BlackElo "2305"]
[TimeControl "180+1"]
[EndTime "12:02:59 PST"]
[Termination "A-S-00 won by checkmate"]

1. d4 Nf6 2. Nf3 g6 3. c4 d5 4. Bg5 Ne4 5. Bh4 dxc4 6. Qa4+ c6 7. Qxc4 Be6 8. Qc2 Bf5 9. Qb3 Qb6 10. Qxb6 axb6 11.
a3 Na6 12. Nbd2 Bg7 13. Nxe4 Bxe4 14. e3 Nb4 15. Kd2 Nd5 16. Bd3 Bxf3 17. gxf3 h6 18. Bg3 O-O 19. Rac1 c5 20. Be4 Rfd8 21. dxc5 Bxb2 22.
Rb1 Bxa3 23. Bxd5 Rxd5+ 24. Ke2 Bxc5 25. e4 Ra2+ 26. Kf1 Rdd2 27. Kg2 Bxf2 28. Kh3 Bc5 29. Rhd1 Rxd1 30. Rxd1 b5 31. Rb1 b4 32. Kg4 Kg7 33. e5 Rc2 34. Kf4 Rc4# 0-1

[Event "*** Titled Tuesday Blitz"]
[Site "Chess.com"]
[Date "2020.11.24"]
[Round "9"]
[White "maxip32"]
[Black "penguingm1"]
[Result "0-1"]
[WhiteElo "2500"]
[BlackElo "2950"]
[TimeControl "180+1"]
[EndTime "12:03:00 PST"]
[Termination "penguingm1 won on time"]

1. e4 b5 2. d4 Bb7 3. Bd3 e6 4. Nf3 c5 5. c3 a6 6. O-O cxd4 7.
cxd4 Nc6 8. Nc3 Nce7 9. Re1 Ng6 10. Bg5 Be7 11. Bxe7 N8xe7 12. Qd2 O-O 13. Ne2 f5 14. Ng3 fxe4 15. Bxe4 Bxe4 16. Nxe4 Nd5 17. Ne5 Nxe5 18. dxe5 Qh4 19. Qg5 Qxg5 20. Nxg5 Rac8 21. Rac1 Nb4 22. h3 Nxa2 23. Ra1 Nb4 24. Re4 Nd3 25. Nf3 Rc7 26. Re2 Ra8 27. Rd2 Nb4 28. Rad1 Nd5 29. Ng5 Rc4 30. Rd4 Rac8 31. Rxc4 Rxc4 32. Rc1 Rxc1+ 0-1

[Event "*** Titled Tuesday Blitz"]
[Site "Chess.com"]
[Date "2020.11.24"]
[Round "9"]
[White "elcandado"]
[Black "bratkoo"]
[Result "0-1"]
[WhiteElo "2650"]
[BlackElo "2539"]
[TimeControl "180+1"]
[EndTime "12:03:02 PST"]
[Termination "bratkoo won on time"]

1. d4 e6 2. Bf4 d5 3. e3 Bd6 4.
Bg3 Ne7 5. Bd3 Nf5 6. Bxf5 exf5 7. Ne2 O-O 8. O-O h6 9. Nd2 Be6 10. Bxd6 Qxd6 11. b3 Nd7 12. c4 dxc4 13. bxc4 c6 14.
Rb1 b5 15. Qc2 Rfc8 16. Nf4 a6 17. Rfc1 Qe7 18. a4 Nb6 19. axb5 cxb5 20. c5 Nd5 21.
Nd3 Qf6 22. Rb2 Rd8 23. Ra1 f4 24. e4 Qxd4 25. exd5 Rxd5 26. Ne1 Rxc5 27. Qb1 Bf5 28. Qa2 Rc6 29. h3 Re8 30. Nef3 Qd6 31. Qa3 Qc7 32.
Kh2 Re2 33. Nd4 f3+ 34. Kg1 Rc1+ 35. Nf1 fxg2 36. Kxg2 Be4+ 37. Kg1 Ree1 38. Rxc1 Qxc1 39. Kh2 Rxf1 0-1

[Event "*** Titled Tuesday Blitz"]
[Site "Chess.com"]
[Date "2020.11.24"]
[Round "9"]
[White "NeverW84M8"]
[Black "Nadeev_Sergey"]
[Result "1-0"]
[WhiteElo "2586"]
[BlackElo "2468"]
[TimeControl "180+1"]
[EndTime "12:03:02 PST"]
[Termination "NeverW84M8 won by resignation"]

1. d4 Nf6 2. c4 c6 3. Nf3 d5 4. Qc2 e6 5. Bf4 Bd6 6. Bxd6 Qxd6 7. e3 Nbd7 8. Nc3 O-O 9. cxd5 exd5 10. Bd3 Re8 11. O-O Nf8 12. Ne5 Ng6 13. f4 Nf8 14. h3 N6d7 15. Rf3 f6 16. Nxd7 Bxd7 17. g4 Re7 18. Qf2 Rae8 19. Kh1 b6 20. Rg1 c5 21. Ne2 c4 22. Bb1 b5 23. f5 b4 24. Nf4 c3 25. bxc3 bxc3 26. Bc2 h6 27. h4 Nh7 28. Bb3 Bc6 29. Ne6 Bd7 30. Nc5 Bc8 31. Qg3 Rd8 32. Qxd6 Rxd6 33. e4 Kh8 34. Bxd5 c2 35. Rc3 Ba6 36. Rxc2 Re8 37. Rgc1 g5 38. h5 Nf8 39. Nxa6 Rxa6 40. Rc8 Rxc8 41. Rxc8 Kg7 42. Rc7+ Kh8 43. Rf7 Nh7 44. e5 fxe5 45. dxe5 Ra5 46. Rd7 Nf8 47. Rd8 1-0

[Event "*** Titled Tuesday Blitz"]
[Site "Chess.com"]
[Date "2020.11.24"]
[Round "9"]
[White "BlixLT"]
[Black "wisdomboy"]
[Result "0-1"]
[WhiteElo "2335"]
[BlackElo "2196"]
[TimeControl "180+1"]
[EndTime "12:03:02 PST"]
[Termination "wisdomboy won by resignation"]

1. Nf3 c5 2. g3 Nc6 3. d4 cxd4 4.
Nxd4 Nf6 5. Bg2 e5 6. Nxc6 dxc6 7. Qxd8+ Kxd8 8. f4 exf4 9. Bxf4 Bc5 10. Nc3 Re8 11.
O-O-O+ Ke7 12. a3 Be6 13. b4 Bb6 14. Bd6+ Kd7 15. e4 Rad8 16. b5 Kc8 17. bxc6 bxc6 18.
e5 Nd5 19. Nxd5 Bxd5 20. Bxd5 cxd5 21. Rxd5 f6 22. Rhd1 fxe5 23. Bxe5 Rxd5 24. Rxd5 g6 25.
Kd2 Rf8 26. h4 Rf7 27. Bf4 Kb7 28. c4 Bc7 29. Bxc7 Kxc7 30. Kc3 Rf3+ 31. Rd3 Rf1 32. Re3 Rc1+ 33. Kb4 Rb1+ 34. Kc5 Kd7 35. Rd3+ Kc7 36.
Rf3 Ra1 37. Rf7+ Kb8 38. Rxa7 Kxa7 39. Kd6 Rxa3 40. g4 Ra4 41. c5 Rxg4 42. c6 Rxh4 0-1

[Event "*** Titled Tuesday Blitz"]
[Site "Chess.com"]
[Date "2020.11.24"]
[Round "9"]
[White "CzechmVIII"]
[Black "Fusikk"]
[Result "0-1"]
[WhiteElo "2142"]
[BlackElo "2473"]
[TimeControl "180+1"]
[EndTime "12:03:02 PST"]
[Termination "Fusikk won on time"]

1. e4 c6 2. d4 d5 3. e5 Bf5 4.
Nc3 h6 5. Be3 e6 6. g4 Bg6 7.
Nge2 Ne7 8. f4 Nd7 9. Qd2 c5 10. O-O-O cxd4 11. Nxd4 Nc6 12. f5 Nxd4 13. fxg6 Nc6 14.
gxf7+ Kxf7 15. Nxd5 Ndxe5 16. Qf2+ Kg8 17. Nf4 Qf6 18. Be2 g5 19. Nh5 Qxf2 20. Bxf2 Be7 21. Bg3 Rd8 22. Rxd8+ Bxd8 23. Re1 Kf7 24. Bb5 Nxg4 25.
Bd6 Be7 26. Bxe7 Kxe7 27. Bxc6 bxc6 28. h3 Nf6 29. Nxf6 Kxf6 30. Rd1 h5 31. Rd3 g4 32.
hxg4 hxg4 33. Kd2 Rg8 34. Ke1 g3 35. Kf1 g2+ 36. Kg1 Ke5 37. Re3+ Kd5 38. Re2 Kd4 39.
Rxg2 Rxg2+ 40. Kxg2 Ke3 41. Kg3 e5 42. b4 e4 0-1

[Event "*** Titled Tuesday Blitz"]
[Site "Chess.com"]
[Date "2020.11.24"]
[Round "9"]
[White "IANOV0007"]
[Black "PavelShkapenko"]
[Result "0-1"]
[WhiteElo "2440"]
[BlackElo "2691"]
[TimeControl "180+1"]
[EndTime "12:03:03 PST"]
[Termination "PavelShkapenko won on time"]

1. Nf3 Nf6 2. g3 d5 3. Bg2 Bg4 4. c4 c6 5. cxd5 cxd5 6. Ne5 Bf5 7. Nc3 e6 8. Qa4+ Nfd7 9. g4 Bc2 10. Qxc2 Nxe5 11.
h3 Nbc6 12. e3 Ng6 13. d4 Nh4 14. Bf1 Nf3+ 15. Kd1 Be7 16. Be2 Nh4 17. Bd2 O-O 18.
a3 e5 19. dxe5 d4 20. Ne4 dxe3 21. fxe3 Nxe5 22. Kc1 Ng2 23. Rg1 Rc8 24. Nc3 Nh4 25. Qe4 Neg6 26. Kc2 Re8 27. Qxb7 Rb8 28. Qxa7 Rxb2+ 29. Kxb2 Qxd2+ 30. Kb3 Bf6 31. Rac1 Rxe3 32. Qb8+ Nf8 33.
Qc7 Bxc3 34. Rxc3 Qxe2 0-1

[Event "*** Titled Tuesday Blitz"]
[Site "Chess.com"]
[Date "2020.11.24"]
[Round "9"]
[White "WildTricks"]
[Black "ViktoriyaTarasova"]
[Result "1-0"]
[WhiteElo "2461"]
[BlackElo "2297"]
[TimeControl "180+1"]
[EndTime "12:03:03 PST"]
[Termination "WildTricks won by resignation"]

1. f4 d5 2. Nf3 Nf6 3. g3 g6 4. Bg2 b6 5. O-O Bb7 6. d3 Bg7 7. Ne5 O-O 8. Nc3 Nbd7 9. Nxd7 Qxd7 10. e4 e6 11. Qe2 c5 12. a4 d4 13. Nd1 a6 14. Nf2 Rac8 15. g4 Ne8 16. f5 exf5 17.
gxf5 Nf6 18. Bg5 Rfe8 19. Bh3 gxf5 20. Bxf6 Bxf6 21. Qh5 Kh8 22. Bxf5 Rg8+ 23. Ng4 Rxg4+ 24. Qxg4 Qc7 25. Bxc8 Bxc8 26. Qf4 Qxf4 27. Rxf4 Bg5 28. Rxf7 Be3+ 29. Kg2 Be6 30. Rf6 Bd7 31. Rxb6 a5 32. Rd6 Bg4 33. h3 Be2 34. Re1 Bh5 35. Rd7 Kg8 36. Ra7 h6 37. Rxa5 Bd2 38. Ra8+ Kf7 39. Rf1+ Ke6 40. Rf5 Bd1 41. Rxc5 Be2 42. Rd8 Be3 43.
a5 Ke7 44. Rcd5 Bd1 45. a6 Bxc2 46. a7 Bxd3 47. Kf3 Bc2 48. a8=Q Bd1+ 49. Kg2 1-0

[Event "*** Titled Tuesday Blitz"]
[Site "Chess.com"]
[Date "2020.11.24"]
[Round "9"]
[White "Vi_Los"]
[Black "FMOlexandrProhorov"]
[Result "1-0"]
[WhiteElo "2358"]
[BlackElo "2190"]
[TimeControl "180+1"]
[EndTime "12:03:04 PST"]
[Termination "Vi_Los won by resignation"]

1. e4 c5 2. Nf3 e6 3. g3 Nc6 4. Bg2 g6 5. O-O Bg7 6. Nc3 Bf8 7. d4 Bg7 8. dxc5 Nge7 9. Nb5 O-O 10. c3 a6 11. Nd6 Qc7 12. Bf4 e5 13. Be3 f5 14. exf5 gxf5 15. Qb3+ Kh8 16. Nf7+ Rxf7 17. Qxf7 Qd8 18. Ng5 h6 19. Qh5 Kg8 20. Nf7 Qf8 21. Nxh6+ Bxh6 22. Bxh6 Qf6 23. Bg5 Qg7 24. Qe8+ Kh7 25.
Qh5+ Kg8 26. Bh6 Qf6 27. Qg5+ Qxg5 28. Bxg5 Kf7 29. Rfe1 e4 30. h4 Nd5 31. Be3 d6 32.
cxd6 Be6 33. Rad1 Ne5 34. Bf4 Nd3 35. Rxd3 exd3 36. Rd1 Nxf4 37. gxf4 Rg8 38. Rxd3 Bc4 39. Rg3 Rd8 40. b3 Be2 41. Bxb7 Rxd6 42. Bf3 Bb5 43. c4 Bd7 44. Bd5+ Kf8 45. h5 Be8 46. Rg5 Rf6 47. Kg2 a5 48. c5 Ke7 49. a3 Kd8 50. b4 axb4 51. axb4 Kc7 52. Kf3 Bb5 53. Rg7+ Kc8 54.
Rg6 Rf8 55. Rg8 Rxg8 56. Bxg8 1-0

[Event "*** Titled Tuesday Blitz"]
[Site "Chess.com"]
[Date "2020.11.24"]
[Round "9"]
[White "GameOverBro"]
[Black "Supernotar"]
[Result "0-1"]
[WhiteElo "2508"]
[BlackElo "2832"]
[TimeControl "180+1"]
[EndTime "12:03:05 PST"]
[Termination "Supernotar won on time"]

1. e4 c6 2. Nc3 d5 3. Nf3 Bg4 4. h3 Bxf3 5. Qxf3 e6 6. a3 Nf6 7.
d3 Be7 8. g4 Qb6 9. g5 Nfd7 10.
h4 d4 11. Ne2 c5 12. h5 Nc6 13. g6 fxg6 14. hxg6 Nce5 15. Qg3 h6 16. f4 Nc6 17.
Bh3 e5 18. fxe5 Ncxe5 19. Nf4 Qd6 20. O-O O-O 21. Bd2 Rf6 22. Kh1 Nxg6 23. Rg1 Ndf8 24.
Bf5 Kf7 25. Rae1 Ne5 26. Qxg7+ Ke8 27. Nd5 Rf7 28. Qg8 Rd8 29. Ref1 Bg5 30. Rxg5 hxg5 31. Bxg5 Rb8 32. Bg4 Qg6 33. Qxg6 Nfxg6 0-1

[Event "*** Titled Tuesday Blitz"]
[Site "Chess.com"]
[Date "2020.11.24"]
[Round "9"]
[White "Taktikmonster"]
[Black "Vulcanochess"]
[Result "1-0"]
[WhiteElo "2192"]
[BlackElo "2276"]
[TimeControl "180+1"]
[EndTime "12:03:05 PST"]
[Termination "Taktikmonster won by checkmate"]

1. e4 c5 2. Nf3 Nc6 3. d4 cxd4 4. Nxd4 Nf6 5. Nc3 e5 6. Ndb5 d6 7. Bg5 a6 8. Na3 b5 9. Bxf6 gxf6 10. Nd5 Bg7 11.
g3 f5 12. Bg2 fxe4 13. Bxe4 O-O 14. Ne3 Bd7 15. Qxd6 Rc8 16. O-O Nd4 17. c3 Ne2+ 18. Kh1 f5 19. Bd5+ Kh8 20. Rae1 Rf6 21. Qb4 f4 22. Rxe2 fxe3 23. Rxe3 Bh3 24. Bg2 Bxg2+ 25. Kxg2 Qd5+ 26. Qe4 Qxa2 27. Nc2 Qxb2 28. Nb4 a5 29. Nd5 Rf7 30. Qg4 Rcf8 31. Re2 Qb3 32. Qe4 a4 33. Rb1 Qc4 34. Qxc4 bxc4 35. Rb4 Rd7 36. Nb6 Rd3 37. Nxa4 e4 38. Rxc4 e3 39. Rxe3 Rd2 40. Rf3 Ra8 41. Nb6 h6 42. Nxa8 Rb2 43. Rc8+ Kh7 44. Rc7 Kg6 45. Rc6+ Bf6 46. Rfxf6+ Kg5 47. h4+ Kh5 48. Rxh6+ Kg4 49. Rcg6+ Kf5 50. Kf3 Ke5 51. Rg5# 1-0

[Event "*** Titled Tuesday Blitz"]
[Site "Chess.com"]
[Date "2020.11.24"]
[Round "9"]
[White "parintele_chess"]
[Black "esskeettit"]
[Result "0-1"]
[WhiteElo "2181"]
[BlackElo "2446"]
[TimeControl "180+1"]
[EndTime "12:03:05 PST"]
[Termination "esskeettit won on time"]

1. d4 Nf6 2. c4 e6 3. Nc3 d5 4. cxd5 exd5 5. Bg5 Be7 6. e3 c6 7. Bd3 O-O 8. Qc2 Nbd7 9. Nf3 Re8 10. O-O Nf8 11. Ne5 g6 12. f4 Ne6 13. Bh4 Ng7 14. f5 c5 15. Nxf7 Kxf7 16. fxg6+ Kg8 17. gxh7+ Kh8 18. Bg6 Rf8 19. dxc5 Bxc5 20. Rad1 Bxe3+ 21. Kh1 Be6 22. Qe2 Bh6 23. Qe5 Ng4 24. Qg3 Qb6 25. Nxd5 Bxd5 26. Qxg4 Rxf1+ 27. Rxf1 Qb5 28. Rg1 Qc6 29. Bg3 Be6 30. Qe2 Bc4 31. Qf3 Qxg6 32. Qxb7 Rf8 33. Qb4 Qf7 0-1

[Event "*** Titled Tuesday Blitz"]
[Site "Chess.com"]
[Date "2020.11.24"]
[Round "9"]
[White "SerGo055"]
[Black "ArjunErigaisi2003"]
[Result "1/2-1/2"]
[WhiteElo "2517"]
[BlackElo "2911"]
[TimeControl "180+1"]
[EndTime "12:03:06 PST"]
[Termination "Game drawn by repetition"]

1. d4 Nf6 2. Nf3 g6 3. c4 Bg7 4. Nc3 O-O 5. Bg5 d6 6. Qd2 c5 7. d5 Nbd7 8. Bh6 a6 9. h4 Bxh6 10. Qxh6 Ng4 11. Qf4 h5 12. e4 e5 13. dxe6 Nde5 14. e7 Qxe7 15. Nd5 Qd8 16. Be2 Be6 17. O-O-O f6 18. Rhf1 b5 19. Nxe5 Nxe5 20. Qh6 Rf7 21.
f4 Rh7 22. Nxf6+ Qxf6 23. fxe5 Qxe5 24. Qxg6+ Rg7 25. Qxh5 Qxh5 26. Bxh5 Bxc4 27. Rg1 Rd8 28. b3 Bf7 29. Bxf7+ Kxf7 30. g4 Ke6 31. g5 Rh8 32.
Rg4 Rgh7 33. Rh1 Rh5 34. Kd2 Ke5 35. Ke3 a5 36. Rf4 Rxg5 37. hxg5 Rxh1 38. Rf5+ Ke6 39. Rf6+ Ke5 40. Rf5+ Ke6 41. Rf6+ Ke5 42. Rf5+ 1/2-1/2

[Event "*** Titled Tuesday Blitz"]
[Site "Chess.com"]
[Date "2020.11.24"]
[Round "9"]
[White "Skat2704"]
[Black "levallem"]
[Result "1-0"]
[WhiteElo "2381"]
[BlackElo "2237"]
[TimeControl "180+1"]
[EndTime "12:03:08 PST"]
[Termination "Skat2704 won on time"]

1. d4 Nf6 2. c4 e6 3. Nf3 d5 4. Nc3 c6 5. Bg5 Qa5 6. Bxf6 gxf6 7. e3 Nd7 8. Be2 Bb4 9. Qc2 Nb6 10. c5 Na4 11.
O-O Bxc3 12. bxc3 Nxc3 13. Bd3 f5 14. Nd2 Ne4 15. Nb3 Qc7 16. f3 Nf6 17. f4 Bd7 18.
Rab1 Ke7 19. Qc3 Rag8 20. Na5 b5 21. cxb6 axb6 22. Qb4+ c5 23. Qxb6 Qxb6 24. Rxb6 c4 25. Bc2 Ra8 26. Nb7 Rxa2 27. Bb1 Ra3 28. Nc5 Rxe3 29. Rb7 Re2 30. Rc1 h5 31. Bc2 Rg8 32. g3 h4 33. Nxd7 Nxd7 34. Ba4 Rd8 35. Rcb1 hxg3 36.
hxg3 Re4 37. Rc7 1-0

[Event "*** Titled Tuesday Blitz"]
[Site "Chess.com"]
[Date "2020.11.24"]
[Round "9"]
[White "Gabrielian_Artur"]
[Black "Sinquefield"]
[Result "1-0"]
[WhiteElo "2772"]
[BlackElo "2492"]
[TimeControl "180+1"]
[EndTime "12:03:09 PST"]
[Termination "Gabrielian_Artur won by resignation"]

1. d4 Nf6 2. c4 e6 3. Nc3 Bb4 4. e3 O-O 5. Bd3 d5 6. Nf3 c5 7. a3 Ba5 8. O-O dxc4 9. Bxc4 cxd4 10. exd4 Bxc3 11. bxc3 Qc7 12. Bd3 b6 13. Bg5 Nbd7 14. c4 Bb7 15. Rc1 Rac8 16. Re1 h6 17. Bd2 Rfd8 18. Qe2 Qd6 19. Bc3 Qxa3 20. h3 Qd6 21.
Rcd1 Qf4 22. Nh2 Nf8 23. f3 Qg3 24. Qf2 Qxf2+ 25. Kxf2 Ba6 26. d5 Nxd5 27. cxd5 Rxc3 28. Bxa6 exd5 29. Ng4 Ng6 30. Rd2 Ra3 31. Bc4 Nf4 32. Red1 h5 33. Ne3 d4 34. Rxd4 Rxd4 35. Rxd4 Ng6 36.
Rd8+ Kh7 37. Bd3 Kh6 38. g4 Nf4 39. Nf5+ Kg5 40. h4+ Kf6 41. g5+ Ke5 42. Re8+ Kd5 43. Be4+ Kc5 44. Rc8+ Kb4 45. Ne3 Ra2+ 46. Nc2+ Kb3 47.
Ke3 Ne6 48. Bd5+ 1-0

[Event "*** Titled Tuesday Blitz"]
[Site "Chess.com"]
[Date "2020.11.24"]
[Round "9"]
[White "Arseniy_Nesterov"]
[Black "Rodalquilar"]
[Result "1-0"]
[WhiteElo "2810"]
[BlackElo "2667"]
[TimeControl "180+1"]
[EndTime "12:03:13 PST"]
[Termination "Arseniy_Nesterov won on time"]

1. d4 d5 2. c4 e6 3. Nf3 Nf6 4. Nc3 a6 5. cxd5 exd5 6. Bg5 Be6 7. Bxf6 Qxf6 8. Qb3 Ra7 9. g3 Bd6 10. h4 O-O 11.
Bh3 Qd8 12. Ng5 Bxh3 13. Rxh3 c6 14. Qc2 g6 15. Nf3 Nd7 16. h5 Nf6 17. hxg6 fxg6 18. O-O-O b6 19. Rdh1 Re7 20. Ng5 Qe8 21. e3 b5 22. Ne2 h5 23. Nf4 Bxf4 24. gxf4 Ne4 25. Nf3 Qd7 26. Ne5 Rxe5 27. dxe5 Qa7 28. Qxc6 Qf7 29.
Rg1 Kh7 30. Rh2 Qf5 31. e6 Nf6 32. Qc2 Re8 33. Qxf5 gxf5 34. Kd2 Rxe6 35. f3 Rd6 36. Kd3 d4 37. e4 Kh6 38. e5 1-0

[Event "*** Titled Tuesday Blitz"]
[Site "Chess.com"]
[Date "2020.11.24"]
[Round "9"]
[White "kot60"]
[Black "nitpicker"]
[Result "1-0"]
[WhiteElo "2466"]
[BlackElo "2304"]
[TimeControl "180+1"]
[EndTime "12:03:13 PST"]
[Termination "kot60 won by resignation"]

1. e4 d5 2. exd5 Qxd5 3. Nf3 Nf6 4. d4 c6 5. c4 Qd8 6. Nc3 Bf5 7.
Be2 e6 8. O-O h6 9. h3 Bd6 10. Be3 Nbd7 11. a3 a5 12. d5 cxd5 13. cxd5 e5 14. Nb5 Bb8 15. Rc1 O-O 16. a4 Ne4 17. Nd2 Ndf6 18. Nxe4 Bxe4 19. d6 Bc6 20. Bc5 Re8 21. Bf3 Ra6 22. Re1 Re6 23. Qb3 e4 24.
Be2 Bd5 25. Qa3 Rc6 26. Nd4 e3 27. Nxe6 exf2+ 28. Bxf2 fxe6 29. Rxc6 Bxc6 30. Rd1 Bd5 31. Bg3 Ne4 32. Bf4 Qf6 33. Rf1 Ba7+ 34. Kh2 Bc5 35.
Qd3 Qd8 36. Bf3 Bxd6 37. Bxe4 Bxf4+ 38. Rxf4 Qc7 39. Qg3 Qe7 40. Bxd5 exd5 41. Qf3 Qd6 42. Qg3 d4 43. Rf3 Qd5 44. Rd3 1-0

[Event "*** Titled Tuesday Blitz"]
[Site "Chess.com"]
[Date "2020.11.24"]
[Round "9"]
[White "Aleksey_Sorokin"]
[Black "GukeshDommaraju"]
[Result "1-0"]
[WhiteElo "2836"]
[BlackElo "2890"]
[TimeControl "180+1"]
[EndTime "12:03:14 PST"]
[Termination "Aleksey_Sorokin won on time"]

1. d4 d5 2. c4 e6 3. Nf3 Nf6 4. g3 dxc4 5. Bg2 a6 6. O-O Nc6 7. Qc2 Nxd4 8. Nxd4 Qxd4 9. Nd2 Nd5 10. Nxc4 Qc5 11.
b3 Be7 12. e4 Nb4 13. Qe2 O-O 14. Be3 Qb5 15. Bf4 e5 16. Bxe5 Be6 17. Bc3 Rad8 18. Rfd1 h6 19. a4 Qc5 20. Qb2 Nd3 21. Rxd3 Rxd3 22.
Bxg7 Rxb3 23. Qxb3 Kxg7 24. Qb2+ Bf6 25. e5 Bg5 26.
Nd2 Bxd2 27. Qxd2 Qxe5 28. Re1 Qf6 29. Bxb7 Rd8 30. Qa5 Bh3 31. Qxc7 Rd7 32. Qc6 Qb2 33. Bxa6 Qd2 34. Qc1 Qa5 35. Bf1 Bxf1 36. Qa1+ Kh7 37. Rxf1 Qf5 38. Qc3 Rd3 39. Qc4 1-0

[Event "*** Titled Tuesday Blitz"]
[Site "Chess.com"]
[Date "2020.11.24"]
[Round "9"]
[White "Margarita2907"]
[Black "mikheeva86"]
[Result "1-0"]
[WhiteElo "2229"]
[BlackElo "1979"]
[TimeControl "180+1"]
[EndTime "12:03:14 PST"]
[Termination "Margarita2907 won on time"]

1. e4 e5 2. Nf3 Nc6 3. Bc4 Bc5 4. d3 Nf6 5. O-O O-O 6. h3 d5 7.
exd5 Nxd5 8. Nbd2 Nb6 9. Bb3 Bf5 10. a4 a5 11. Re1 Qd6 12. Ne4 Bxe4 13. Rxe4 Rad8 14.
Qe1 Rfe8 15. Bf4 Nd7 16. Bg3 h6 17. Nd2 Nf6 18. Nc4 Qf8 19. Re2 e4 20. dxe4 Nd4 21. Ne5 Nxe2+ 22. Qxe2 Re7 23. Ng6 Qe8 24. Nxe7+ Qxe7 25.
e5 Nd5 26. Rd1 c6 27. Qg4 Kh8 28. Bh4 f6 29. exf6 Nxf6 30. Rxd8+ Qxd8 31. Bxf6 Qxf6 32. Qc8+ Kh7 33. Qg8+ Kg6 34. Qe8+ 1-0